 Dungeon Crawl Stone Soup version 0.31.0-1-g2c135a008e (webtiles) character file.

Game seed: 7065033092592734287

189 qw the Shooter (level 6, 0/47 HPs)
             Began as a Djinni Hunter on Jan 23, 2024.
             Killed from afar by Natasha (7 damage)
             ... with a magic dart
             ... on level 2 of the Dungeon.
             The game lasted 00:00:11 (1268 turns).

qw the Shooter (Djinni Hunter)                      Turns: 1268, Time: 00:00:11

Health: 0/47       AC:  3    Str: 10    XL:     6   Next: 0%
Gold:   96         EV: 13    Int: 10    God:
                   SH:  0    Dex: 19

rFire   + + .        a - +0 shortbow
rCold   x . .        (shield currently unavailable)
rNeg    . . .        c - +0 leather armour
rPois   inf          (no helmet)
rElec   .            (no cloak)
rCorr   .            (no gloves)
SInv    .            (boots unavailable)
Will    .....        (no amulet)
Stlth   ++           (no ring)
HPRegen 0.27/turn    (no ring)
MPRegen 0.00/turn

%: infuse magic (-1 HP)
@: flying
A: sickness immunity, fire resistance 2, cold vulnerability 1, float, innate
caster, HP casting, extra vitality 1
a: no special abilities


You were on level 2 of the Dungeon.
You visited 1 branch of the dungeon, and saw 2 of its levels.

You collected 96 gold pieces.


Innate Abilities, Weirdness & Mutations

You are immune to sickness and miasma.
You are immune to poison.
Your flesh is very heat resistant. (rF++)
You are vulnerable to cold. (rC-)
You float through the air rather than walking.
You learn spells naturally, not from books.
Your magical power is your life essence.
You have superior vitality. (+4 MHP)


   Skills:
 - Level 4.0 Fighting
 + Level 4.3 Ranged Weapons
 - Level 3.3 Dodging
 - Level 0.7 Stealth


You knew the following spells:

 Your Spells              Type           Power      Damage    Failure   Level
a - Foxfire               Conj/Fire      0%         2x1d4     45%         1
b - Mercury Vapours       Alch/Air       0%         N/A       61%         2
Your spell library was empty.

Inventory:

Hand Weapons
 a - a +0 shortbow (weapon)
Armour
 c - a +0 leather armour (worn)
Scrolls
 b - 3 scrolls of fear {unknown}
 f - a scroll of revelation {unknown}
 g - a scroll of amnesia {unknown}
Potions
 d - a potion of resistance {unknown}
 e - 2 potions of brilliance {unknown}

Dungeon Overview and Level Annotations

Branches:
Dungeon (2/15)

Altars:

Annotations:
D:2 Natasha


Message History

The cerulean imp hits you from afar with a +2 spear.
You shoot an arrow. The arrow closely misses Natasha.
The cerulean imp completely misses you. Natasha claws you!
The cerulean imp hits you with a +0 spear.
You shoot an arrow. The arrow closely misses Natasha.
The cerulean imp hits you from afar with a +2 spear.
Natasha barely misses you. The cerulean imp misses you.
You shoot an arrow. The arrow hits Natasha.
Natasha is heavily wounded.
The cerulean imp misses you. Natasha barely misses you.
The cerulean imp hits you with a +0 spear.
You shoot an arrow. The arrow completely misses Natasha.
The cerulean imp hits you from afar with a +2 spear.
Natasha barely misses you. The cerulean imp closely misses you.
Natasha closely misses you.
The cerulean imp hits you from afar with a +2 spear.
The cerulean imp hits you with a +0 spear.
You shoot an arrow. The arrow barely misses Natasha.
The cerulean imp hits you but does no damage.
Natasha claws you but does no damage.
The cerulean imp hits you with a +0 spear.
You shoot an arrow. The arrow closely misses Natasha.
The cerulean imp hits you from afar with a +2 spear.
Natasha howls an incantation.
Natasha's front paws start to glow.
Natasha completely misses you.
The cerulean imp hits you with a +0 spear.
You shoot an arrow. The arrow hits Natasha!
Natasha is almost dead.
The cerulean imp barely misses you. Natasha claws you.
The cerulean imp closely misses you.
You shoot an arrow. The arrow closely misses Natasha.
The cerulean imp completely misses you. Natasha barely misses you.
The cerulean imp closely misses you.
You shoot an arrow. The arrow misses Natasha.
The cerulean imp hits you but does no damage.
Natasha stares at you and mumbles some strange words.
The magic dart hits you!
You die...
Natasha begins licking her fur clean.

#.# #.####### #....##.##... #.#
#.....#####'#.......... #.#
#####..........###.#... #.#
#..........+....... #.#
#..........###.#### #>#
#....5.....###.# ###.#####
#.##.##..).....####
#.......####5##5#####.........
#............@h.# #.........
#...........#########.........
#...................#.........
#..........##.#.###.#.........
######.....##.#.# #.#.........
#..........###^..........
#########.......<....#...........
................####.#...........
........#####...)....#..##.######


You could see Natasha and 2 cerulean imps.

Vanquished Creatures
  An ogre (D:2)
  Jessica (D:2)
  Natasha (D:2)
  An adder (D:2)
  2 dart slugs (D:1)
  2 ribbon worms (D:2)
  4 endoplasms
  2 giant cockroaches (D:2)
  4 goblins (D:1)
  3 hobgoblins (D:2)
  3 quokkas
  A ball python (D:1)
  6 bats
  2 frilled lizards (D:1)
  5 kobolds
  3 rats
41 creatures vanquished.

Notes
Turn   | Place    | Note
-------+----------+-------------------------------------------
     0 | D:1      | qw the Djinni Hunter began the quest for the Orb.
     0 | D:1      | Reached XP level 1. HP: 18/18 MP: 0/0
     0 | D:1      | 0 ||| qw: Version: 0.3-a-136-gdd3b4e8
     0 | D:1      | 0 ||| qw: Game counter: 974
     0 | D:1      | 0 ||| qw: Melee chars always use a shield: true
     0 | D:1      | 0 ||| qw: God list: Okawaru
     0 | D:1      | 0 ||| qw: Allow faded altars: false
     0 | D:1      | 0 ||| qw: Do Orc after clearing Dungeon:15 true
     0 | D:1      | 0 ||| qw: Do second Lair branch before Depths: true
     0 | D:1      | 0 ||| qw: Lair rune preference: random
     0 | D:1      | 0 ||| qw: Goals: Normal
     0 | D:1      | 0 ||| PLANNING D:1-11
   172 | D:1      | Reached XP level 2. HP: 21/23 MP: 0/0
   286 | D:1      | Reached XP level 3. HP: 28/28 MP: 0/0
   286 | D:1      | Learned a level 1 spell: Foxfire
   436 | D:1      | 436 ||| READING scroll labelled TETYDU BAAPLI.
   437 | D:1      | 437 ||| READING scroll labelled ZYCONK PIER.
   538 | D:1      | 538 ||| DROPPING scroll of butterflies.
   578 | D:2      | Noticed an ogre
   585 | D:2      | HP: 5/28 [ogre/+0 giant spiked club (23)]
   586 | D:2      | Killed an ogre
   587 | D:2      | Reached XP level 4. HP: 5/37 MP: 0/0
   587 | D:2      | Reached XP level 5. HP: 5/41 MP: 0/0
   587 | D:2      | Learned a level 2 spell: Mercury Vapours
  1032 | D:2      | Noticed Jessica
  1036 | D:2      | Killed Jessica
  1037 | D:2      | Reached skill level 3 in Dodging
  1107 | D:2      | Noticed Natasha
  1112 | D:2      | Killed Natasha
  1122 | D:2      | Found a faded altar of an unknown god.
  1172 | D:2      | Reached XP level 6. HP: 45/47 MP: 0/0
  1247 | D:2      | Noticed Natasha
  1252 | D:2      | 1252 ||| RETREEEEATING.
  1253 | D:2      | 1253 ||| RETREEEEATING.
  1254 | D:2      | 1254 ||| RETREEEEATING.
  1255 | D:2      | 1255 ||| RETREEEEATING.
  1256 | D:2      | 1256 ||| RETREEEEATING.
  1257 | D:2      | 1257 ||| RETREEEEATING.
  1265 | D:2      | HP: 8/47 [cerulean imp/+0 spear[Natasha] (4)]
  1268 | D:2      | Killed from afar by Natasha

Levels and vault maps discovered:
D:1:      lemuel_arrival_rhombus, layout_basic, st_stairs_6, minmay_surrounded
D:2:      layout_basic, chequers_ecumenical_altar_simple_redux, uniq_natasha,
          uniq_jessica

Skill      XL: |  1  2  3  4  5 |
---------------+----------------+-----
Ranged Weapons | 4 |  4.3
Fighting       | 4 |  4.0
Dodging        | 3 |  3.3
Stealth        | |  0.7

Action                     |  1- 3 |  4- 6 || total
---------------------------+-------+-------++-------
   Fire: Shortbow          |    51 |    64 ||   115
    Use: Scroll            |     2 |       ||     2
 Armour: Leather armour    |     7 |    28 ||    35
  Dodge: Dodged            |    11 |    32 ||    43

Table legend:
 A = Non-vault XP
 B = Vault XP
 C = Vault XP percentage of total XP
 D = Non-vault monster count
 E = Vault monster count
 F = Vault count percentage of total count
                 A         B        C        D         E       F
            +---------+---------+-------+---------+---------+-------
      Total |     188 |      83 |  30.6 |      32 |       9 |  22.0
            +---------+---------+-------+---------+---------+-------
        D:1 |      29 |      11 |  27.5 |      15 |       7 |  31.8
        D:2 |     159 |      72 |  31.2 |      17 |       2 |  10.5
            +---------+---------+-------+---------+---------+-------
